 Dungeon Crawl Stone Soup version 0.26.1-10-gdfb7c7de75 (webtiles) character file.

Game seed: 2153250950978989543

16541 phalm the Covert (level 12, -4/62 HPs)
             Began as a Spriggan Brigand on Apr 6, 2021.
             Was a Priest of Dithmenos.
             Killed from afar by a rime drake (20 damage)
             ... with a flash freeze
             ... on level 2 of the Lair of Beasts.
             The game lasted 00:56:00 (18843 turns).

phalm the Covert (Spriggan Brigand)                Turns: 18843, Time: 00:56:00

Health: -4/62      AC:  5    Str:  7    XL:     12   Next: 11%
Magic:  16/16      EV: 29    Int: 13    God:    Dithmenos [***...]
Gold:   876        SH:  5    Dex: 22    Spells: 4/14 levels left

rFire    + . .     SeeInvis +   a - +0 short sword (speed)
rCold    + . .     Faith    .   (shield restricted)
rNeg     . . .     Spirit   .   v - +2 robe {rC+ rF+}
rPois    .         Reflect  +   (helmet restricted)
rElec    .         Harm     .   P - +0 cloak
rCorr    .         Rampage  .   (gloves unavailable)
Will     ++...                  (boots unavailable)
Stlth    +++++++++.             M - amulet of reflection
HPRegen  0.20/turn              (no ring)
MPRegen  0.15/turn              (no ring)

@: wreathed by umbra, very quick
A: very small, unfitting armour, talons 1, camouflage 1, see invisible, speed 3
a: Renounce Religion, Shadow Step


You were on level 2 of the Lair of Beasts.
You worshipped Dithmenos.
Dithmenos was most pleased with you.
You visited 3 branches of the dungeon, and saw 14 of its levels.

You collected 876 gold pieces.

Inventory:

Hand Weapons
 a - a +0 short sword of speed (weapon)
 b - the +4 hunting sling of Ulemuec {flame, +Blink rF- Dex+4 Stlth+}
   (You found it on level 1 of the Lair of Beasts)

   It causes projectiles fired from it to burn those they strike, causing extra
   injury to most foes and up to half again as much damage against particularly
   susceptible opponents.
   It affects your dexterity (+4).
   It makes you vulnerable to fire.
   It lets you blink.
   It makes you more stealthy.
Missiles
 d - 99 poisoned darts (quivered)
 e - 14 curare-tipped darts
 m - 50 sling bullets
Armour
 v - a +2 robe of resistance (worn)
 P - a +0 cloak (worn)
Jewellery
 M - an amulet of reflection (around neck)
Wands
 p - a wand of iceblast (2)
 y - a wand of acid (10)
 A - a wand of digging (5)
 E - a wand of flame (2)
 N - a wand of paralysis (2)
 R - a wand of disintegration (19)
Scrolls
 f - 9 scrolls of remove curse {unknown}
 k - 6 scrolls of teleportation
 n - 3 scrolls of blinking
 q - 2 scrolls of enchant armour
 s - a scroll of magic mapping
 t - a scroll of immolation
 u - a scroll of enchant weapon {unknown}
 C - a scroll of noise {unknown}
 D - a scroll of amnesia {unknown}
 G - 2 scrolls of acquirement {unknown}
 J - a scroll of silence {unknown}
 K - a scroll of holy word {unknown}
 L - 2 scrolls of fear
 O - a scroll of fog
Potions
 c - 2 potions of invisibility {unknown}
 g - 2 potions of might
 i - a potion of ambrosia {unknown}
 j - 2 potions of haste {unknown}
 o - 4 potions of flight
 w - 3 potions of heal wounds
 z - 2 potions of curing {unknown}
 Q - 2 potions of brilliance


   Skills:
 + Level 6.6 Fighting
 * Level 10.0 Short Blades
 * Level 9.2(9.6) Slings
 - Level 3.3(5.9) Throwing
 + Level 10.7 Dodging
 + Level 12.6 Stealth
 + Level 1.8 Spellcasting
 * Level 2.8 Hexes
 - Level 4.0 Invocations
 + Level 9.4 Evocations


You had 4 spell levels left.
You knew the following spells:

 Your Spells              Type           Power        Failure   Level
a - Invisibility          Hex            8%           100%        6
b - Apportation           Tloc           2%           26%         1
c - Tukima's Dance        Hex            8%           24%         3

Your spell library contained the following spells:

 Spells                   Type           Power        Failure   Level
 Sting                    Tmut/Pois      4%           26%         1
 Poisonous Vapours        Pois/Air       2%           36%         2
 Ignite Poison            Fire/Tmut/Pois 1%           61%         3
 Lesser Beckoning         Tloc           0%           61%         3
 Mephitic Cloud           Conj/Pois/Air  1%           61%         3
 Olgreb's Toxic Radiance  Pois           1%           95%         4
 Alistair's Intoxication  Tmut/Pois      0%           100%        5


Dungeon Overview and Level Annotations

Branches:
Dungeon (11/15)            Temple (1/1) D:5            Lair (2/6) D:11
    Orc (0/2) D:10
  Swamp: Lair:2-4    Shoals: Lair:2-4     Snake: Lair:2-4    Spider: Lair:2-4

Altars:
Ashenzari
Cheibriados
Dithmenos
Elyvilon
Fedhas
Gozag
Hepliaklqana
Kikubaaqudgha
Makhleb
Nemelex Xobeh
Okawaru
Qazlal
Ru
Sif Muna
Trog
Uskayaw
Vehumet
Wu Jian
Xom
Yredelemnul
Zin
The Shining One

Shops:
D:7 =

Annotations:
D:8 1 runed translucent door


Innate Abilities, Weirdness & Mutations

You are very small and have problems with some larger weapons.
You are too small for most types of armour.
You have supernaturally acute eyesight. (SInv)
You cover ground extremely quickly.
You have sharp toenails.
Your skin changes colour to match your surroundings (Stealth+).


Message History

The poisoned dart closely misses the rime drake.
The poisoned dart hits the yak.
The yak is severely wounded.
Throw: 100 darts (poison)
Press: ? - help, Q - select action, (/) - cycle Shift-Dir - straight line, f/p - rime drake
Aim: a rime drake (heavily wounded, umbra, 62% to hit)
You throw a poisoned dart. The poisoned dart hits the rime drake!
The rime drake is poisoned.
The rime drake is heavily wounded.
You closely miss the rime drake.
You claw the rime drake, but do no damage.
The rime drake is heavily wounded.
The rime drake misses you.
You hit the rime drake.
The rime drake is severely wounded.
You hit the rime drake.
The rime drake is severely wounded.
The rime drake breathes ice at you. The flash freeze hits you!!
You partially resist.
You die...

................#............≈≈≈≈
............(..#.............≈PP≈
.Y..Y.k...(.....#.............≈≈≈
......#####Y...#...........).≈P≈≈
......## ##...##.............###
.......####..Y.P#..............#
......###.##..(...............##
...............k#.............#
................@..........†..#
..............................#
................##.#..........#
........###P#....###......##..#
.........####...P##........####
........##.##...P###.......#
..........#.P...####......##
)...............#.#.......P####
<....................(........#


You could see 2 yaks and a rime drake (very poisoned, catching breath).

Vanquished Creatures
  Fannar (D:10)
  A hydra (Lair:1)
  2 two-headed ogres
  3 death yaks (D:11)
  An unseen horror (D:10)
  2 black mambas
  A gargoyle (D:10)
  4 cane toads
  Maggie (D:6)
  A kobold demonologist (D:11)
  3 komodo dragons
  Grinder (D:3)
  A hornet (D:11)
  A polar bear (Lair:2)
  Prince Ribbit (D:5)
  Sigmund (D:3)
  A vampire (D:8)
  A wyvern (D:10)
  11 yaks
  Eustachio (D:4)
  A steam dragon (D:7)
  4 water moccasins
  2 ice beasts
  3 black bears
  2 necrophages
  3 phantoms
  3 sky beasts
  3 ogres
  3 wolves (Lair:2)
  3 centaurs
  3 big kobolds
  13 bullfrogs
  A wyvern zombie (D:11)
  5 scorpions
  A water moccasin skeleton (D:9)
  4 killer bees (D:8)
  8 wights
  A quasit (D:6)
  3 jellies
  8 hounds
  A bullfrog skeleton (D:6)
  3 orc wizards
  2 iguanas
  Ijyb (D:3)
  6 worker ants
  3 hell rats (D:10)
  A worker ant zombie (D:10)
  9 adders
  4 gnolls
  2 river rats (D:11)
  2 shadow imps
  3 white imps
  2 ufetubi (D:8)
  2 oozes (D:1)
  2 adder skeletons
  An adder zombie (D:7)
  2 worms (D:2)
  5 leopard geckos
  7 orcs
  3 ball pythons
  4 giant cockroaches
  5 hobgoblins
  10 jackals
  9 quokkas
  7 bats
  5 frilled lizards
  4 goblins
  22 kobolds
  2 leopard gecko zombies
  6 rats
248 creatures vanquished.

Vanquished Creatures (others)
  7 fungi
  11 plants
18 creatures vanquished.

Grand Total: 266 creatures vanquished

Notes
Turn   | Place    | Note
-------+----------+-------------------------------------------
     0 | D:1      | phalm the Spriggan Brigand began the quest for the Orb.
     0 | D:1      | Reached XP level 1. HP: 10/10 MP: 2/2
   343 | D:1      | Reached skill level 6 in Stealth
   351 | D:1      | Reached XP level 2. HP: 13/15 MP: 3/3
   572 | D:1      | Reached skill level 1 in Slings
   612 | D:1      | Reached XP level 3. HP: 18/18 MP: 4/4
  1802 | D:2      | Reached XP level 4. HP: 23/23 MP: 5/5
  1906 | D:2      | Found a broken altar of Ashenzari.
  2041 | D:3      | Found a snail-covered altar of Cheibriados.
  2151 | D:3      | Noticed Grinder
  2227 | D:3      | Paralysed by Grinder for 4 turns
  2235 | D:3      | Paralysed by Grinder for 4 turns
  2240 | D:3      | Killed Grinder
  2241 | D:3      | Reached skill level 1 in Evocations
  2241 | D:3      | Reached XP level 5. HP: 5/27 MP: 6/6
  2241 | D:3      | Reached XP level 6. HP: 6/32 MP: 7/7
  2861 | D:3      | Noticed Sigmund
  2867 | D:3      | Killed Sigmund
  2868 | D:3      | Reached skill level 7 in Stealth
  3116 | D:3      | Found a shadowy altar of Dithmenos.
  3116 | D:3      | Found a glowing silver altar of Zin.
  3268 | D:3      | Reached XP level 7. HP: 34/35 MP: 8/8
  3316 | D:3      | Noticed Ijyb
  3326 | D:3      | Killed Ijyb
  3764 | D:4      | Noticed Eustachio
  3831 | D:4      | Killed Eustachio
  4122 | D:4      | Reached skill level 5 in Short Blades
  4611 | D:4      | Reached skill level 5 in Dodging
  4769 | D:5      | Entered Level 5 of the Dungeon
  4911 | D:5      | Noticed Prince Ribbit
  4923 | D:5      | Killed Prince Ribbit
  4924 | D:5      | Reached skill level 8 in Stealth
  4924 | D:5      | Reached XP level 8. HP: 23/40 MP: 9/9
  5067 | D:5      | Found a staircase to the Ecumenical Temple.
  5080 | Temple   | Entered the Ecumenical Temple
  5328 | D:3      | Became a worshipper of Dithmenos the Shadowed
  5529 | D:5      | Found an ornate altar of the Wu Jian Council.
  6473 | D:6      | Found a radiant altar of Vehumet.
  6600 | D:6      | Noticed Maggie
  6621 | D:6      | Killed Maggie
  6651 | D:6      | Reached skill level 5 in Evocations
  6694 | D:6      | Reached XP level 9. HP: 36/45 MP: 10/10
  6739 | D:6      | Reached * piety under Dithmenos
  6740 | D:6      | Reached skill level 5 in Slings
  7204 | D:6      | Reached skill level 9 in Stealth
  8426 | D:7      | Found an ancient bone altar of Kikubaaqudgha.
  8430 | D:7      | Found Paulefai's Jewellery Emporium.
  9314 | D:8      | Gained mutation: You are dopey. (Int -2) [potion of
                  | mutation]
  9314 | D:8      | Gained mutation: You are robust. (+10% HP) [potion of
                  | mutation]
  9314 | D:8      | Gained mutation: You are partially covered in thin metallic
                  | scales. (AC +2) [potion of mutation]
  9962 | D:8      | Reached skill level 10 in Stealth
 10320 | D:8      | Noticed a yaktaur
 10320 | D:8      | Noticed a five-headed hydra
 10321 | D:8      | Found a runed translucent door.
 10323 | D:8      | Noticed a deep troll
 10323 | D:8      | Noticed a fire crab
 10323 | D:8      | Noticed a fire dragon
 10323 | D:8      | Noticed an unseen horror
 10695 | D:8      | Noticed a harpy
 10844 | D:9      | Noticed a two-headed ogre
 10849 | D:9      | Killed a two-headed ogre
 10850 | D:9      | Reached skill level 5 in Fighting
 10850 | D:9      | Reached XP level 10. HP: 56/56 MP: 11/11
 10885 | D:9      | Reached ** piety under Dithmenos
 11373 | D:8      | Noticed a shining eye
 11738 | D:10     | Entered Level 10 of the Dungeon
 11778 | D:10     | Noticed Fannar
 11857 | D:10     | Killed Fannar
 11858 | D:10     | Reached skill level 1 in Invocations
 12279 | D:10     | Noticed a gargoyle
 12348 | D:10     | Killed a gargoyle
 12349 | D:10     | Reached skill level 11 in Stealth
 12712 | D:10     | Found a staircase to the Orcish Mines.
 12717 | D:10     | Noticed an unseen horror
 12771 | D:10     | Killed an unseen horror
 13874 | D:11     | Noticed a two-headed ogre
 13883 | D:11     | Found a staircase to the Lair.
 13883 | D:11     | Noticed a death yak
 13885 | D:11     | Noticed a death yak
 13896 | D:11     | Noticed a death yak
 14237 | D:11     | Killed a two-headed ogre
 14238 | D:11     | Reached XP level 11. HP: 46/61 MP: 12/14
 14427 | D:11     | Killed a death yak
 15127 | D:11     | Killed a death yak
 15127 | D:11     | Reached *** piety under Dithmenos
 15167 | D:11     | Killed a death yak
 15168 | D:11     | Reached skill level 10 in Dodging
 15663 | D:11     | Noticed a deep elf mage
 15664 | D:11     | Noticed a deep elf mage
 15665 | D:11     | Noticed a deep elf mage
 15693 | Lair:1   | Entered Level 1 of the Lair of Beasts
 15855 | Lair:1   | Got a masterwork hunting sling
 15863 | Lair:1   | Identified the +4 hunting sling of Ulemuec {flame, +Blink
                  | rF- Dex+4 Stlth+} (You found it on level 1 of the Lair of
                  | Beasts)
 15929 | Lair:1   | Noticed a five-headed hydra
 15941 | Lair:1   | Killed a five-headed hydra
 15942 | Lair:1   | Reached skill level 12 in Stealth
 17221 | D:8      | Noticed a bunyip
 17325 | Lair:2   | Lost mutation: You are dopey. (Int -2) [potion of mutation]
 17325 | Lair:2   | Lost mutation: You are robust. (+10% HP) [potion of
                  | mutation]
 17325 | Lair:2   | Lost mutation: You are partially covered in thin metallic
                  | scales. (AC +2) [potion of mutation]
 17325 | Lair:2   | Gained mutation: You tend to lose your temper in combat.
                  | [potion of mutation]
 17325 | Lair:2   | Gained mutation: You are surrounded by a mild repulsion
                  | field. (EV +2) [potion of mutation]
 17325 | Lair:2   | Gained mutation: You are dopey. (Int -2) [potion of
                  | mutation]
 17325 | Lair:2   | Lost mutation: You tend to lose your temper in combat.
                  | [potion of mutation]
 17327 | Lair:2   | Lost mutation: You are dopey. (Int -2) [potion of mutation]
 17327 | Lair:2   | Lost mutation: You are surrounded by a mild repulsion
                  | field. (EV +2) [potion of mutation]
 17327 | Lair:2   | Gained mutation: Your skin changes colour to match your
                  | surroundings (Stealth+). [potion of mutation]
 17327 | Lair:2   | Gained mutation: You have sharp toenails. [potion of
                  | mutation]
 17385 | Lair:2   | Learned a level 6 spell: Invisibility
 17870 | Lair:2   | Reached skill level 1 in Hexes
 18103 | Lair:2   | Reached skill level 1 in Spellcasting
 18397 | Lair:2   | Reached XP level 12. HP: 62/62 MP: 16/16
 18627 | Lair:2   | Learned a level 1 spell: Apportation
 18631 | Lair:2   | Learned a level 3 spell: Tukima's Dance
 18704 | Lair:2   | Reached skill level 10 in Short Blades
 18843 | Lair:2   | Killed from afar by a rime drake

Illustrated notes

Levels and vault maps discovered:
D:1:      mrwooster_arrival_statue_3, layout_basic
D:2:      layout_loops_cross, lemuel_coloured_pillars_altar
D:3:      layout_basic, cheibriados_altar_1, amethyst_overflow_temple_binary,
          cheibrodos_gnoll_hut, uniq_sigmund, uniq_ijyb, uniq_grinder
D:4:      layout_basic, uniq_eustachio
D:5:      layout_loops_ring, minmay_temple_entry_stoned_glass, basic_altar,
          uniq_prince_ribbit1
D:6:      layout_gridville, vehumet_altar_wand_db, uniq_maggie
D:7:      layout_layer_cave, kiku_gazebo_garden_becter, serial_shops, shop,
          kennysheep_decorative_pillar, dk_noncrumbling_2,
          minmay_misc_feat_four_crosses
D:8:      minmay_gate_of_8, layout_rooms
D:9:      layout_cave_pools
D:10:     layout_layer_cave, orc_0_dummy, uniq_fannar
D:11:     layout_rooms, dpeg_lair_monsters, hex_medium, elves_outpost_lemuel
Temple:   nicolae_temple_elliptical
Lair:1:   layout_chaotic_city
Lair:2:   statuecave_lemuel, layout_small_grid, grunt_megastairs_4,
          serial_bayou_shore_a

Skill      XL: |  1  2  3  4  5  6  7  8  9 10 11 12 |
---------------+-------------------------------------+-----
Stealth        | 6 7 8 10 11 12 | 12.6
Dodging        | 2 3 4 5 6 8 9 10 | 10.7
Slings         | 1 2 3 4 6 7 9 |  9.2
Fighting       | 2 3 4 5 6 |  6.6
Short Blades   | 3 4 5 6 8 9 10 | 10.0
Evocations     | 1 2 3 5 6 8 9 |  9.4
Throwing       | 3 |  3.3
Invocations    | 2 4 |  4.0
Hexes          | 2 |  2.8
Spellcasting   | 1 |  1.8

Action                   |  1- 3 |  4- 6 |  7- 9 | 10-12 || total
-------------------------+-------+-------+-------+-------++-------
Melee: Dagger            |   102 |    25 |       |       ||   127
       Short sword       |     3 |    29 |   459 |   620 ||  1111
       Hunting sling     |       |       |    34 |       ||    34
       Kick              |       |       |       |    57 ||    57
 Fire: Hunting sling     |    12 |    29 |    76 |    67 ||   184
Throw: Dart              |     5 |     4 |   122 |   191 ||   322
Invok: Shadow Step       |       |       |       |     1 ||     1
Evoke: Wand              |       |     3 |    20 |    57 ||    80
  Use: Potion            |       |       |     2 |     3 ||     5
       Scroll            |       |       |       |    12 ||    12
 Stab: Sleeping          |    12 |     7 |    25 |    25 ||    69
       Distracted        |       |       |     2 |     2 ||     4
       Paralysed         |       |       |       |     5 ||     5
Armor: Robe              |     5 |     3 |    44 |    20 ||    72
Dodge: Dodged            |    62 |    37 |   494 |   340 ||   933
Block: Other             |       |       |     2 |    84 ||    86
       Reflection        |       |       |       |     5 ||     5
